 Dungeon Crawl Stone Soup version 0.30-a0-1160-g6e42c06551 (webtiles) character file.

Game seed: 15026164092231512682

7487 themarg the Summoner (level 11, -4/90 HPs)
             Began as a Merfolk Summoner on Apr 27, 2023.
             Was a Priest of Sif Muna.
             Killed by vampiric draining
             ... invoked by a vampire
              (15 damage)
             ... on level 9 of the Dungeon.
             The game lasted 00:38:15 (13547 turns).

themarg the Summoner (Merfolk Summoner)            Turns: 13547, Time: 00:38:15

Health: -4/90      AC:  8    Str:  9    XL:     11   Next: 16%
Magic:  14/18      EV: 14    Int: 19    God:    Sif Muna [***...]
Gold:   670        SH:  0    Dex: 14    Spells: 10/20 levels left

rFire   . . .        R - +0 trident
rCold   . . .        (no shield)
rNeg    . . .        a - +0 robe
rPois   .            q - +2 helmet
rElec   .            (no cloak)
rCorr   .            (no gloves)
SInv    +            O - +2 pair of boots
Will    .....        (no amulet)
Stlth   ++           s - ring of see invisible
HPRegen 0.35/turn    D - ring of wizardry
MPRegen 0.16/turn

%: wizardry (x1)
@: no status effects
A: (nimble swimmer 2), mertail
a: Renounce Religion, Channel Magic, Forget Spell


You were on level 9 of the Dungeon.
You worshipped Sif Muna.
Sif Muna was most pleased with you.
You visited 2 branches of the dungeon, and saw 10 of its levels.
You also visited: Ossuary.

You collected 670 gold pieces.

Inventory:

Hand Weapons
 i - a +0 spear
 R - a +0 trident (weapon)
Missiles
 c - 92 stones
 t - 5 boomerangs
 u - 11 poisoned darts (quivered)
 z - 8 javelins
 N - a curare-tipped dart
Armour
 a - a +0 robe (worn)
 q - a +2 helmet (worn)
 O - a +2 pair of boots (worn)
 P - a +0 pair of gloves
 S - a +1 cloak
Jewellery
 p - an amulet of faith
 s - a ring of see invisible (left hand)
 v - a ring of flight
 D - a ring of wizardry (right hand)
 G - an amulet of reflection
 H - a ring of fire
Wands
 y - a wand of acid (6)
 B - a wand of roots (44)
 I - a wand of charming (21)
 T - a wand of digging (6)
Scrolls
 e - 4 scrolls of teleportation
 f - a scroll of identify
 g - a scroll of fear
 l - 4 scrolls of enchant weapon
 n - a scroll of noise {unknown}
 r - 2 scrolls of immolation {unknown}
 w - a scroll of torment {unknown}
 E - 2 scrolls of blinking
 K - a scroll of vulnerability {unknown}
 L - a scroll of fog {unknown}
 Q - a scroll of enchant armour
Potions
 b - a potion of magic
 d - 3 potions of brilliance
 h - 2 potions of attraction
 j - 7 potions of mutation
 k - 2 potions of might {unknown}
 m - 4 potions of heal wounds
 o - 4 potions of flight
 x - a potion of haste {unknown}
 A - a potion of degeneration {unknown}
 C - 3 potions of berserk rage {unknown}
 F - a potion of resistance
 J - a potion of curing
 M - 2 potions of ambrosia {unknown}


   Skills:
 - Level 10.0 Fighting
 - Level 2.0 Throwing
 - Level 5.0 Dodging
 - Level 3.0 Stealth
 - Level 5.0 Spellcasting
 + Level 11.1 Summonings
 - Level 4.0 Air Magic
 - Level 5.0 Invocations
 - Level 2.0 Evocations


You had 10 spell levels left.
You knew the following spells:

 Your Spells              Type           Power      Damage    Failure   Level
a - Summon Small Mammal   Summ           100%       N/A       1%          1
b - Call Imp              Summ           94%        N/A       1%          2
c - Call Canine Familiar  Summ           47%        N/A       1%          3
d - Summon Lightning Spi  Summ/Air       33%        N/A       2%          4

Your spell library contained the following spells:

 Spells                   Type           Power      Damage    Failure   Level
 Summon Guardian Golem    Hex/Summ       25%        N/A       1%          3
 Poisonous Vapours        Pois/Air       24%        N/A       3%          2
 Slow                     Hex            16%        N/A       4%          1
 Animate Armour           Summ/Erth      50%        N/A       5%          4
 Mephitic Cloud           Conj/Pois/Air  9%         N/A       9%          3
 Confusing Touch          Hex            4%         N/A       16%         3
 Vampiric Draining        Necr           4%         2d6       16%         3
 Freezing Cloud           Conj/Ice/Air   4%         6-21      58%         5
 Blade Hands              Tmut           2%         N/A       77%         5
 Iron Shot                Conj/Erth      2%         9d2       99%         6


Dungeon Overview and Level Annotations

Branches:
Dungeon (9/15)             Temple (1/1) D:4            Lair (0/5) D:9
Ossuary (visited)
    Orc: D:9-12

Altars:
Ashenzari
Cheibriados
Dithmenos
Elyvilon
Fedhas
Gozag
Hepliaklqana
Kikubaaqudgha
Makhleb
Nemelex Xobeh
Okawaru
Qazlal
Ru
Sif Muna
Trog
Uskayaw
Vehumet
Wu Jian
Xom
Yredelemnul
Zin
The Shining One

Annotations:
D:5 2 transporters, turtlemage's ghost, amateur SpCj
D:7 2 runed translucent doors


Innate Abilities, Weirdness & Mutations

((You are very nimble when in or above water. (Stealth+, EV+, Speed+++)))
Your lower body shifts to a powerful aquatic tail in water.


Message History

You punch the vampire, but do no damage.
The vampire is moderately damaged.
Your wolf bites the vampire but does no damage.
The vampire gestures at you while chanting.
You are confused.
Your wolf bites the vampire.
Are you sure you want to stumble around while confused and next to your wolf? [Y]es or [N]o only, please.
Are you sure you want to stumble around while confused and next to your wolf?
Okay, then.
Your wolf barely misses the vampire.
The vampire hits you! The vampire misses you.
Your wolf bites the vampire but does no damage.
Your wolf bites the vampire.
The vampire hits you. The vampire closely misses you.
Your wolf closely misses the vampire.
Your wolf bites the vampire!
The vampire draws life force from you!
The vampire is healed by the life force!
Your wolf barely misses the vampire.
The vampire hits you!
* * * LOW HITPOINT WARNING * * *
The vampire closely misses you.
Your wolf bites the vampire.
You feel better.
Your wolf bites the vampire!
The vampire hits your wolf. The vampire bites your wolf.
Your wolf completely misses the vampire.
You hit the vampire but do no damage.
The vampire is almost destroyed.
Your wolf barely misses the vampire.
The vampire hits you!
* * * LOW HITPOINT WARNING * * *
The vampire bites you.
* * * LOW HITPOINT WARNING * * *
The vampire draws strength from your injuries!
Your wolf bites the vampire.
The vampire hits you but does no damage.
The vampire bites you!
* * * LOW HITPOINT WARNING * * *
The vampire draws strength from your injuries!
You hit the vampire but do no damage.
The vampire is almost destroyed.
Your wolf bites the vampire but does no damage.
Your wolf barely misses the vampire.
The vampire draws life force from you!
You die...

).#.###..#.........#
#
........###.......##
###....## ##.....##
.......### #######
.........## #
##....##..# ###.###
#....###.## .......
#[...#
#..######h......
######
##......@V......
########.......
8...... .......
....... #######


You could see a vampire (invisible, ally target), a friendly wolf (summoned) and
a friendly lightning spire (summoned).

Vanquished Creatures
  A hornet (D:8)
  An ogre (D:5)
  An elf zombie (Ossuary)
  A scorpion (D:5)
  A howler monkey (D:4)
  A hound (D:6)
  Jessica (D:3)
  Natasha (D:3)
  A mummy (Ossuary)
  2 adders
  3 dart slugs
  3 orcs
  An endoplasm (D:3)
  2 giant cockroaches
  A goblin (D:3)
  2 hobgoblins
  3 ball pythons
  3 bats
  A frilled lizard (D:2)
30 creatures vanquished.

Vanquished Creatures (collateral kills)
  A kobold demonologist (D:9)
  A komodo dragon (D:9)
  Prince Ribbit (D:5)
  2 wyverns
  A vampire (D:9)
  4 yaks (D:8)
  A steam dragon (D:5)
  Eustachio (D:5)
  A water moccasin (D:8)
  An acid dragon (D:9)
  2 ice beasts
  4 orc warriors
  A black bear (D:5)
  An ogre (D:7)
  2 sky beasts
  7 centaurs
  6 elf zombies (Ossuary)
  A kobold brigand (D:8)
  Blork the orc (D:6)
  6 bullfrogs
  A scorpion (D:4)
  4 wights
  16 killer bees
  4 howler monkeys
  4 centaur zombies (Ossuary)
  6 hounds
  2 jellies
  A gnoll bouda (D:8)
  9 orc priests
  A human zombie (Ossuary)
  2 sleepcaps (D:6)
  Natasha (twice) (D:3)
  4 iguanas
  4 orc wizards
  2 mummies (Ossuary)
  A gnoll (D:5)
  6 adders
  3 shadow imps
  3 white imps
  An ufetubus (D:6)
  2 worms
  3 dart slugs
  26 orcs
  2 ball pythons
  2 bats
  6 endoplasms
  2 giant cockroaches
  10 goblins
  4 hobgoblins (D:2)
  5 kobolds
  3 quokkas
  2 rats
188 creatures vanquished.

Vanquished Creatures (others)
  Robin (D:2)
  11 plants (D:9)
12 creatures vanquished.

Grand Total: 230 creatures vanquished

Notes
Turn   | Place    | Note
-------+----------+-------------------------------------------
     0 | D:1      | themarg the Merfolk Summoner began the quest for the Orb.
     0 | D:1      | Reached XP level 1. HP: 13/13 MP: 3/3
   286 | D:1      | Reached XP level 2. HP: 18/19 MP: 1/5
   712 | D:2      | Reached XP level 3. HP: 16/24 MP: 2/6
   868 | D:2      | Noticed Robin
   924 | D:2      | Reached skill level 5 in Summonings
  1067 | D:1      | Learned a level 2 spell: Call Imp
  1205 | D:2      | Killed Robin
  1206 | D:2      | Reached XP level 4. HP: 17/30 MP: 2/7
  1547 | D:2      | Found a hazy altar of Hepliaklqana.
  1656 | D:2      | Found a faded altar of an unknown god.
  1840 | D:2      | Learned a level 3 spell: Call Canine Familiar
  1967 | D:3      | Reached XP level 5. HP: 35/35 MP: 5/8
  2039 | D:3      | Reached skill level 6 in Summonings
  2716 | D:3      | Noticed Jessica
  2731 | D:3      | Killed Jessica
  2844 | D:3      | Noticed Natasha
  2852 | D:3      | Killed Natasha
  2853 | D:3      | Reached XP level 6. HP: 41/41 MP: 3/9
  3122 | D:3      | Noticed Natasha
  3129 | D:3      | Killed Natasha
  3130 | D:3      | Reached skill level 7 in Summonings
  3776 | D:3      | Noticed Natasha
  3796 | D:3      | Killed Natasha
  4599 | D:4      | Found a snail-covered altar of Cheibriados.
  4710 | D:4      | Found a staircase to the Ecumenical Temple.
  4723 | D:4      | Reached skill level 8 in Summonings
  4723 | D:4      | Reached XP level 7. HP: 46/46 MP: 5/10
  4742 | Temple   | Entered the Ecumenical Temple
  4929 | Temple   | Became a worshipper of Sif Muna the Loreminder
  5145 | D:4      | Identified the +2 long sword of the Pits of Slime {drain,
                  | rPois}
  5369 | D:5      | Entered Level 5 of the Dungeon
  5376 | D:5      | Noticed Prince Ribbit
  5404 | D:5      | Found a transporter.
  5410 | D:5      | Noticed turtlemage's ghost (amateur SpCj)
  5498 | D:5      | Reached skill level 1 in Air Magic
  5862 | D:5      | Found a transporter.
  5949 | D:5      | Reached skill level 9 in Summonings
  5949 | D:5      | Reached XP level 8. HP: 28/52 MP: 4/11
  6037 | D:5      | Found a shadowy altar of Dithmenos.
  6128 | D:5      | Noticed Eustachio
  6756 | D:5      | Learned a level 4 spell: Summon Lightning Spire
  7173 | D:5      | Killed Eustachio
  7174 | D:5      | Reached skill level 10 in Summonings
  7613 | D:5      | Killed Prince Ribbit
  7691 | D:5      | Reached XP level 9. HP: 65/65 MP: 6/12
  7959 | D:6      | Reached skill level 5 in Fighting
  8447 | D:6      | Noticed Blork the orc
  8467 | D:6      | Killed Blork the orc
  9026 | D:7      | Reached skill level 5 in Dodging
  9665 | D:7      | Found a runed translucent door.
  9667 | D:7      | Found a runed translucent door.
  9723 | D:7      | Reached * piety under Sif Muna
 10659 | D:8      | Reached XP level 10. HP: 80/80 MP: 7/16
 10666 | D:8      | Paralysed by a hornet for 2 turns
 10669 | D:8      | HP: 1/80 [hornet (12)]
 10675 | D:8      | Reached skill level 5 in Spellcasting
 10700 | D:8      | Found a sand-covered staircase.
 10708 | Ossuary  | Entered an ossuary
 11377 | D:8      | Reached ** piety under Sif Muna
 11390 | D:8      | Reached skill level 10 in Fighting
 11394 | D:8      | Reached skill level 1 in Invocations
 12528 | D:9      | Noticed a kobold demonologist
 12541 | D:9      | Noticed an orange demon
 12541 | D:9      | Killed a kobold demonologist
 12542 | D:9      | Reached skill level 5 in Invocations
 12552 | D:9      | Reached skill level 1 in Throwing
 12808 | D:9      | Reached XP level 11. HP: 88/90 MP: 16/18
 12913 | D:9      | Reached *** piety under Sif Muna
 13169 | D:9      | Found a burning altar of Makhleb.
 13169 | D:9      | Found a basalt altar of Yredelemnul.
 13355 | D:9      | Found a staircase to the Lair.
 13378 | D:9      | Reached skill level 11 in Summonings
 13547 | D:9      | Killed from afar by a vampire

Illustrated notes

Levels and vault maps discovered:
D:1:      dpeg_arrival_stone_temple_mockup, layout_rooms,
          minmay_indecisive_spiral
D:2:      layout_basic, basic_altar, ebering_ecumenical_altar_webs,
          minmay_split_cup_large, uniq_robin
D:3:      layout_loops_ring, uniq_jessica, uniq_natasha
D:4:      layout_gridville, kennysheep_slug_shrine, minmay_temple_entry_glass
D:5:      minmay_diamond_boxcup, layout_basic, mainiacjoe_overflow_tiny_flanked,
          gammafunk_ghost_arena, cheibrodos_gnoll_hut, uniq_eustachio,
          uniq_prince_ribbit1
D:6:      layout_gridville, st_stairs_1, uniq_blork_the_orc
D:7:      lemuel_insect_pit, layout_loops_corners
D:8:      minmay_general_purpose_star, layout_gridville,
          nicolae_ossuary_entry_plus, dk_noncrumbling_4
D:9:      layout_rooms, mainiacjoe_overflow_divided_tiny, david_lair_shrubbed,
          minmay_starry_boxes
Temple:   mainiacjoe_temple_bowtie_tessellation

Skill      XL: |  1  2  3  4  5  6  7  8  9 10 11 |
---------------+----------------------------------+-----
Stealth        | 3 |  3.0
Summonings     | 5 6 8 9 10 11 | 11.1
Air Magic      | 2 4 |  4.0
Fighting       | 3 7 10 | 10.0
Dodging        | 5 |  5.0
Spellcasting   | 4 5 |  5.0
Invocations    | 5 |  5.0
Evocations     | 2 |  2.0
Throwing       | 2 |  2.0

Action                     |  1- 3 |  4- 6 |  7- 9 | 10-12 || total
---------------------------+-------+-------+-------+-------++-------
  Melee: Unarmed           |    10 |       |       |       ||    10
         Spear             |    45 |    84 |   150 |   105 ||   384
         Dagger            |    10 |       |       |       ||    10
         Punch             |       |     1 |     3 |     3 ||     7
         Trident           |       |       |       |    28 ||    28
  Throw: Dart              |       |       |     6 |       ||     6
   Cast: Summon Small Mamm |    35 |    25 |    10 |       ||    70
         Call Imp          |     1 |    17 |    19 |       ||    37
         Call Canine Famil |       |    18 |    43 |    23 ||    84
         Summon Lightning  |       |       |    21 |    32 ||    53
  Evoke: Wand              |       |       |       |     2 ||     2
    Use: Scroll            |       |     4 |    11 |     4 ||    19
         Potion            |       |       |     1 |     3 ||     4
   Stab: Distracted        |       |     1 |     7 |     3 ||    11
         Sleeping          |       |       |     1 |       ||     1
 Armour: Robe              |    20 |    12 |    38 |    37 ||   107
  Dodge: Dodged            |    50 |    34 |   105 |   111 ||   300

Table legend: (Time is in decaauts)
 A = Elapsed time spent in this place.
 B = Non-inter-level travel time spent in this place.
 C = Inter-level travel time spent in this place.
 D = Time resting spent in this place.
 E = Time spent auto-exploring this place.
 F = Levels seen in this place.
 G = Mean time per level.
                   A        B        C        D        E       F      G
               +--------+--------+--------+--------+--------+-----+--------+
         Total |  13607 |  13316 |    291 |   1048 |   9995 |  11 | 1237.0 |
       Dungeon |  12852 |  12581 |    271 |    757 |   9765 |   9 | 1428.0 |
        Temple |    268 |    248 |     20 |      0 |    230 |   1 |  268.0 |
       Ossuary |    486 |    486 |      0 |    291 |      0 |   1 |  486.0 |
               +--------+--------+--------+--------+--------+-----+--------+

Top non-repeatable levels by time:
     D:3: 2425 daAuts
     D:5: 2193 daAuts
     D:7: 1648 daAuts
     D:8: 1306 daAuts
     D:6: 1182 daAuts
     D:9: 1177 daAuts
     D:4: 1068 daAuts
     D:2: 1001 daAuts
     D:1: 848 daAuts
 Ossuary: 486 daAuts
  Temple: 268 daAuts
